 Dungeon Crawl Stone Soup version 0.19.1 (webtiles) character file.

768 ChaseSP the Cleaver (level 8, 58/58 HPs)
             Began as a Formicid Fighter on Dec 3, 2016.
             Quit the game on level 4 of the Dungeon.
             The game lasted 00:09:18 (4768 turns).

ChaseSP the Cleaver (Formicid Fighter)              Turns: 4768, Time: 00:09:19

Health: 58/58      AC:  5    Str: 18    XL:     8   Next: 9%
Magic:  8/8        EV:  5    Int:  8    God:
Gold:   245        SH: 13    Dex: 13    Spells: 0 memorised, 7 levels left

rFire  . . .     SeeInvis +     a - +0 war axe
rCold  + . .     Gourm    .     E - +0 chain mail
rNeg   . . .     Faith    .     c - +0 shield
rPois  .         Spirit   .     (helmet unavailable)
rElec  .         Reflect  .     (no cloak)
rCorr  .         Harm     .     (no gloves)
MR     .....                    (no boots)
Stlth  ..........               (no amulet)
                                (no ring)
                                d - ring of wizardry

@: no status effects
A: permanent stasis, dig shafts and tunnels, four strong arms, antennae 3,
hooves 1, large bone plates 1, agile 1, cold resistance 1, deformed body, weak 2
a: Dig, Shaft Self


You were on level 4 of the Dungeon.
You were not hungry.

You visited 1 branch of the dungeon, and saw 4 of its levels.

You collected 245 gold pieces.

Inventory:

Hand Weapons
 a - a +0 war axe (weapon)
 x - a +0 morningstar
 A - a +0 battleaxe
Missiles
 s - 22 bolts
Armour
 c - a +0 shield (worn)
 g - a cursed +0 large shield
 E - a +0 chain mail (worn)
Jewellery
 d - a ring of wizardry (left hand)
Wands
 C - a wand of digging (11/24)
 D - a wand of polymorph (8/24)
Scrolls
 b - a scroll of immolation {unknown}
 i - 2 scrolls of remove curse {unknown}
 k - 3 scrolls of magic mapping {unknown}
 l - 2 scrolls of amnesia {unknown}
 m - 2 scrolls of teleportation {unknown}
 n - 5 scrolls of identify {unknown}
 o - a scroll of blinking {unknown}
 q - a scroll of fear {unknown}
 r - 2 scrolls of enchant armour {unknown}
 y - a scroll of enchant weapon (quivered) {unknown}
 z - a scroll of noise {unknown}
 B - a scroll of random uselessness {unknown}
Potions
 j - 2 potions of curing
 F - a potion of berserk rage
Comestibles
 f - 4 bread rations
 p - 2 meat rations
 u - a beef jerky
 w - 2 fruits


   Skills:
 - Level 3.2 Fighting
 * Level 8.7 Axes
 - Level 3.2 Armour
 - Level 3.6 Shields


You had 7 spell levels left.
You didn't know any spells.

Dungeon Overview and Level Annotations

Branches:
Dungeon (4/15)
 Temple: D:4-7

Altars:
Dithmenos
Makhleb
Ru
Trog

Shops:
D:4 *


Innate Abilities, Weirdness & Mutations

You are under a permanent stasis effect.
You can dig through walls and to a lower floor.
Your four strong arms can wield two-handed weapons with a shield.
You have a pair of large antennae on your head. (SInv)
You have large cloven feet.
You are partially covered in large bone plates. (SH +4)
You are agile. (Dex +2)
Your flesh is cold resistant. (rC+)
Armour fits poorly on your strangely shaped body.
You are very weak. (Str -4)


Message History

Unknown command.
You feel a little less agile now.
Found 16 arrows.
Found an escape hatch in the floor.
No target in view!
d - a blackened gilded ring Put on which piece of jewellery? (? for menu, Esc to quit)
d - a ring of wizardry (left hand)
You start resting.
All of the chunks of flesh in your inventory have rotted away.
HP restored.
Okay, then.
You see here 16 arrows.
An ooze comes into view.
The ooze quivers.
Quiver which item? (- for none, * to show all) (? for menu, Esc to quit)
Quivering
y - a scroll labeled REINWU QOAD for throwing.
Unknown command.
Unknown command.
Are you sure you want to abandon this character and quit the game? (Confirm with "yes".)

...# ###..#..............^.....#
### #.#......................
##.......#...J...........#
#####.....#...#.....#####....#
##...........#.#.....#._.#.....
##....................#...##...#
#.....................#...#....#
##...<...........#.....##.###...#
...............(@..........######
.#...............##........#
.#...............##...[....###
.#...............##..........#
....)...........#######..###..# #
...............#########...##..##
...........#.........##..#.######
...........#########...........##
...........# ####.#.####..#


You could see an ooze.

Vanquished Creatures
  Sigmund (D:4)
  Menkaure (D:4)
  Blork the orc (D:3)
  A jelly (D:4)
  A hound (D:4)
  An orc priest (D:3)
  Jessica (D:3)
  Natasha (thrice) (D:4)
  Robin (D:4)
  3 gnolls (D:3)
  7 adders
  A shadow imp (D:4)
  2 worms
  A dart slug (D:1)
  5 leopard geckos
  11 orcs
  A giant cockroach (D:1)
  14 goblins
  9 hobgoblins
  7 jackals (D:3)
  7 kobolds
  A quokka (D:2)
  5 bats
  4 frilled lizards
  11 rats
100 creatures vanquished.

Vanquished Creatures (others)
  A rat (D:1)
1 creature vanquished.

Grand Total: 101 creatures vanquished

Notes
Turn   | Place    | Note
-------+----------+-------------------------------------------
     0 | D:1      | ChaseSP the Formicid Fighter began the quest for the Orb.
     0 | D:1      | Reached XP level 1. HP: 18/18 MP: 1/1
   138 | D:1      | Reached XP level 2. HP: 23/24 MP: 2/2
   444 | D:1      | Reached skill level 3 in Axes
   747 | D:1      | Reached XP level 3. HP: 27/29 MP: 3/3
  1240 | D:2      | Reached XP level 4. HP: 35/35 MP: 4/4
  1242 | D:2      | Reached skill level 4 in Axes
  1758 | D:2      | Found a faded altar of an unknown god.
  1817 | D:3      | Reached XP level 5. HP: 16/41 MP: 5/5
  2009 | D:3      | Reached skill level 5 in Axes
  2258 | D:3      | Found a sacrificial altar of Ru.
  2533 | D:3      | Noticed a moth of wrath
  2538 | D:3      | Found a bloodstained altar of Trog.
  2981 | D:3      | Reached XP level 6. HP: 28/47 MP: 6/6
  3275 | D:4      | Found Virinwea's Assorted Antiques.
  3278 | D:4      | Noticed Menkaure
  3285 | D:4      | Killed Menkaure
  3285 | D:4      | Reached skill level 6 in Axes
  3286 | D:4      | Noticed Blork the orc
  3286 | D:4      | Noticed Robin
  3498 | D:3      | Killed Blork the orc
  3498 | D:3      | Reached skill level 7 in Axes
  3498 | D:3      | Reached XP level 7. HP: 33/52 MP: 7/7
  3571 | D:4      | Killed Robin
  3639 | D:4      | Noticed Sigmund
  3655 | D:4      | Killed Sigmund
  3922 | D:4      | Noticed Natasha
  3929 | D:4      | Killed Natasha
  3929 | D:4      | Reached skill level 8 in Axes
  3944 | D:4      | Noticed Natasha
  3953 | D:4      | Killed Natasha
  4044 | D:4      | Found a shadowy altar of Dithmenos.
  4130 | D:4      | Found a burning altar of Makhleb.
  4262 | D:4      | Noticed Natasha
  4269 | D:4      | Killed Natasha
  4269 | D:4      | Reached XP level 8. HP: 58/58 MP: 8/8
  4439 | D:3      | Noticed Jessica
  4487 | D:3      | Gained mutation: Armour fits poorly on your strangely shaped body. [potion of mutation]
  4487 | D:3      | Gained mutation: You are weak. (Str -2) [potion of mutation]
  4487 | D:3      | Gained mutation: You are agile. (Dex +2) [potion of mutation]
  4494 | D:3      | Killed Jessica
  4514 | D:3      | Gained mutation: You are partially covered in large bone plates. (SH +4) [potion of mutation]
  4514 | D:3      | Lost mutation: Armour fits poorly on your strangely shaped body. [potion of mutation]
  4514 | D:3      | Gained mutation: You are very weak. (Str -4) [potion of mutation]
  4515 | D:3      | Gained mutation: Armour fits poorly on your strangely shaped body. [potion of mutation]
  4516 | D:3      | Gained mutation: You have large cloven feet. [potion of mutation]
  4516 | D:3      | Gained mutation: Your flesh is cold resistant. (rC+) [potion of mutation]
  4768 | D:4      | Quit the game

Skill      XL: |  1  2  3  4  5  6  7 |
---------------+----------------------+-----
Axes           | 3 4 5 7 8 |  8.7
Fighting       | |  3.2
Armour         | |  3.2
Shields        | |  3.6

Action                   |  1- 3 |  4- 6 |  7- 9 || total
-------------------------+-------+-------+-------++-------
Melee: War axe           |    71 |   190 |    66 ||   327
       Unarmed           |       |       |    13 ||    13
 Abil: Dig               |       |     3 |       ||     3
  Use: Potion            |       |     1 |     9 ||    10
  Eat: Chunk             |     1 |     7 |     3 ||    11
       Fruit             |       |       |     2 ||     2
Armor: Scale mail        |    22 |    94 |     5 ||   121
       Chain mail        |       |       |     5 ||     5
Dodge: Dodged            |    22 |    62 |    15 ||    99
Block: Shield            |    28 |   111 |    35 ||   174
